 Dungeon Crawl Stone Soup version 0.29-a0-330-g52719c12eb (webtiles) character file.

Game seed: 7888624235123521182

1001 dohliylev the Magician (level 8, 0/39 HPs)
             Began as a Spriggan Venom Mage on May 31, 2022.
             Was an Initiate of Sif Muna.
             Succumbed to miscasting Olgreb's Toxic Radiance's poison
             ... on level 6 of the Dungeon.
             The game lasted 00:29:35 (6778 turns).

dohliylev the Magician (Spriggan Venom Mage)        Turns: 6778, Time: 00:29:39

Health: 0/39       AC:  2    Str: 12    XL:     8   Next: 0%
Magic:  3/19       EV: 17    Int: 19    God:    Sif Muna [......]
Gold:   204        SH:  0    Dex: 15    Spells: 4/20 levels left

rFire   . . .      SeeInvis +   u - +0 dagger (drain)
rCold   . . .      Faith    .   (no shield)
rNeg    . . .      Spirit   .   a - +0 robe
rPois   +          Reflect  .   (helmet restricted)
rElec   .          Harm     .   (no cloak)
rCorr   .          Rampage  .   (gloves unavailable)
Will    +....                   (boots unavailable)
Stlth   +++.......              f - amulet of the acrobat
HPRegen 0.13/turn               j - +6 ring of strength
MPRegen 0.16/turn               k - ring of poison resistance

@: lethally poisoned (0 -> -1), very slightly contaminated, very quick
A: very small, no large weapons, unfitting armour, see invisible, speed 3,
robust 1, strong 1, evolution 1
a: Renounce Religion


You were on level 6 of the Dungeon.
You worshipped Sif Muna.
Sif Muna was noncommittal.
You visited 2 branches of the dungeon, and saw 7 of its levels.

You collected 204 gold pieces.

Inventory:

Hand Weapons
 u - a +0 dagger of draining (weapon)
Missiles
 C - 2 throwing nets
Armour
 a - a +0 robe (worn)
 w - a +0 robe of resistance
Jewellery
 f - an amulet of the acrobat (around neck)
 j - a +6 ring of strength (left hand)
 k - a ring of poison resistance (right hand)
Scrolls
 c - a scroll of noise {unknown}
 g - 2 scrolls of immolation {unknown}
 h - 2 scrolls of amnesia {unknown}
 i - 2 scrolls of fear {unknown}
 l - a scroll of blinking {unknown}
 m - 6 scrolls of identify {unknown}
 n - a scroll of enchant weapon {unknown}
 s - 4 scrolls of teleportation {unknown}
 v - 2 scrolls of magic mapping {unknown}
 y - 2 scrolls of fog {unknown}
 A - a scroll of enchant armour {unknown}
Potions
 b - 2 potions of magic
 d - 2 potions of curing {unknown}
 e - 2 potions of mutation
 o - 2 potions of might {unknown}
 p - a potion of berserk rage {unknown}
 q - a potion of brilliance {unknown}
 r - a potion of invisibility {unknown}
 t - a potion of haste {unknown}
 x - a potion of heal wounds {unknown}
 z - a potion of cancellation {unknown}
 B - a potion of degeneration {unknown}


   Skills:
 + Level 2.8 Dodging
 + Level 4.0 Stealth
 + Level 6.8 Spellcasting
 + Level 0.3 Hexes
 + Level 4.7 Transmutations
 + Level 0.2 Fire Magic
 + Level 3.2 Air Magic
 + Level 5.7 Poison Magic


You had 4 spell levels left.
You knew the following spells:

 Your Spells              Type           Power      Damage    Failure   Level
a - Sting                 Tmut/Pois      100%       1d8       1%          1
b - Poisonous Vapours     Pois/Air       46%        N/A       2%          2
c - Mephitic Cloud        Conj/Pois/Air  17%        N/A       9%          3
d - Olgreb's Toxic Radia  Pois           28%        N/A       10%         4
e - Inner Flame           Hex/Fire       7%         N/A       26%         3
f - Teleport Other        Tloc           6%         N/A       30%         3

Your spell library contained the following spells:

 Spells                   Type           Power      Damage    Failure   Level
 Gell's Gravitas          Tloc           6%         N/A       30%         3
 Lesser Beckoning         Tloc           6%         N/A       30%         3
 Cause Fear               Hex            3%         N/A       65%         4
 Discord                  Hex            3%         N/A       100%        8


Dungeon Overview and Level Annotations

Branches:
Dungeon (6/15)             Temple (1/1) D:4

Altars:
Ashenzari
Cheibriados
Elyvilon
Fedhas
Gozag
Kikubaaqudgha
Makhleb
Nemelex Xobeh
Okawaru
Qazlal
Sif Muna
Trog
Uskayaw
Vehumet
Wu Jian
Xom
Yredelemnul
Zin
The Shining One

Shops:
D:3 =   D:5 (


Innate Abilities, Weirdness & Mutations

You are very small and have problems with some larger weapons.
You are too small for most types of armour.
You have supernaturally acute eyesight. (SInv)
You cover ground extremely quickly. (Speed+++)
You are robust. (+10% HP)
Your muscles are strong. (Str +2)
You have hidden genetic potential.


Message History

You have reached level 8!
Found 17 gold pieces.
Found a grey potion.
An orc comes into view. It is wielding a +0 falchion.
An orc warrior and an orc wizard come into view.
Found 6 gold pieces.
The orc warrior shouts!
The orc wizard gestures at you while chanting.
The magic dart hits you!
An orc comes into view. It is wielding a +0 whip.
Your magical contamination has completely faded away.
Casting: Poisonous Vapours (safe; 2% risk of failure)
Confirm with . or Enter, or press ? or * to list all spells.
The spell is quite dangerous to miscast (10% risk of failure)!
Continue anyway?
You miscast Olgreb's Toxic Radiance.
You are very lightly contaminated with residual magic.
You feel rather nauseous for a moment.
You are poisoned.
You resist.
The orc shouts!
You feel sick. The bullfrog hits you.
You feel sick.
The bullfrog looks more healthy.
The bullfrog misses you.
You feel sick.
Casting: Olgreb's Toxic Radiance (quite dangerous; 10% risk of failure)
Confirm with . or Enter, or press ? or * to list all spells.
The spell is quite dangerous to miscast (10% risk of failure)!
Continue anyway?
You begin to radiate toxic energy.
The orc warrior is poisoned.
The orc wizard is poisoned.
The orc is poisoned. x2; The bullfrog is poisoned.
The orc wizard looks even sicker.
The bullfrog looks even sicker.
You feel sick. The bullfrog hits you!
* * * LOW HITPOINT WARNING * * *
The bullfrog hits you.
* * * LOW HITPOINT WARNING * * *
It was a potion of mutation.
You feel extremely strange.
You feel stronger.
You feel a hidden potential growing inside you.
You feel robust.
The orc warrior looks even sicker.
The orc looks even sicker. x2
Your toxic aura wanes.
You die...

#....$....
#..........
#..o..!....
#o.o$......
#.o........
#..........
#..........
#..........
#.F@.......
#..........
#..........
#..........
#..........
#.$........
#......?...
#..........
#..........


You could see an orc warrior (very poisoned), a bullfrog (very poisoned), an orc
wizard (very poisoned) and 2 orcs.

Vanquished Creatures
  Sigmund (D:5)
  Eustachio (D:4)
  A sky beast (D:5)
  3 ogres
  A centaur (D:5)
  A hound (D:5)
  An orc priest (D:4)
  2 orc wizards
  An iguana (D:6)
  6 gnolls
  4 adders
  A worm (D:5)
  A dart slug (D:4)
  7 orcs
  3 bats (D:2)
  6 endoplasms
  4 goblins
  5 hobgoblins
  2 jackals (D:3)
  2 kobolds
  2 quokkas
  2 ball pythons (D:2)
  3 frilled lizards (D:2)
  4 rats
64 creatures vanquished.

Vanquished Creatures (others)
  A plant (D:5)
1 creature vanquished.

Grand Total: 65 creatures vanquished

Notes
Turn   | Place    | Note
-------+----------+-------------------------------------------
     0 | D:1      | dohliylev the Spriggan Venom Mage began the quest for the
                  | Orb.
     0 | D:1      | Reached XP level 1. HP: 9/9 MP: 5/5
  1183 | D:2      | Found a faded altar of an unknown god.
  1214 | D:2      | Reached XP level 2. HP: 13/13 MP: 2/6
  1340 | D:2      | Reached skill level 3 in Spellcasting
  1343 | D:2      | Learned a level 2 spell: Poisonous Vapours
  1879 | D:2      | Reached XP level 3. HP: 14/16 MP: 0/8
  2464 | D:2      | Reached XP level 4. HP: 21/21 MP: 5/10
  2667 | D:3      | Found a shimmering blue altar of Sif Muna.
  2720 | D:3      | Became a worshipper of Sif Muna the Loreminder
  3401 | D:3      | Found Laxaeg's Jewellery Emporium.
  3764 | D:5      | Entered Level 5 of the Dungeon
  3805 | D:4      | Noticed Eustachio
  3859 | D:4      | Found an ancient bone altar of Kikubaaqudgha.
  3895 | D:4      | Found a blossoming altar of Fedhas.
  3895 | D:4      | Noticed an ogre
  3914 | D:4      | Reached skill level 1 in Air Magic
  4015 | D:4      | Reached XP level 5. HP: 24/24 MP: 5/11
  4245 | D:5      | Noticed an ogre
  4266 | D:5      | Killed an ogre
  4267 | D:5      | Reached skill level 4 in Spellcasting
  4392 | D:5      | Noticed an ogre
  4404 | D:5      | Killed an ogre
  4405 | D:5      | Reached XP level 6. HP: 28/28 MP: 3/14
  4503 | D:5      | Found Rugimyawk's Hydra Hut.
  4504 | D:5      | Noticed an eight-headed hydra
  4510 | D:5      | Noticed a sky beast
  4525 | D:5      | Killed a sky beast
  4526 | D:5      | Reached skill level 5 in Spellcasting
  4526 | D:5      | Reached skill level 5 in Poison Magic
  4583 | D:5      | Learned a level 3 spell: Mephitic Cloud
  4588 | D:5      | Learned a level 4 spell: Olgreb's Toxic Radiance
  4592 | D:5      | Learned a level 3 spell: Inner Flame
  4653 | D:5      | Noticed Sigmund
  4669 | D:5      | Killed Sigmund
  4670 | D:5      | Reached skill level 6 in Spellcasting
  4670 | D:5      | Reached XP level 7. HP: 24/32 MP: 6/17
  5684 | D:4      | Learned a level 3 spell: Teleport Other
  5855 | D:4      | Found a staircase to the Ecumenical Temple.
  5857 | D:4      | Killed Eustachio
  5866 | Temple   | Entered the Ecumenical Temple
  6765 | D:6      | Reached XP level 8. HP: 28/36 MP: 9/19
  6777 | D:6      | HP: 1/36 [bullfrog (6)]
  6778 | D:6      | Gained mutation: Your muscles are strong. (Str +2) [potion
                  | of mutation]
  6778 | D:6      | Gained mutation: You have hidden genetic potential. [potion
                  | of mutation]
  6778 | D:6      | Gained mutation: You are robust. (+10% HP) [potion of
                  | mutation]
  6778 | D:6      | Succumbed to miscasting Olgreb's Toxic Radiance's poison

Illustrated notes

Levels and vault maps discovered:
D:1:      tarquinn_simple_flora_water_d, layout_loops_corners
D:2:      layout_loops_ring, basic_ecumenical_altar, kennysheep_doodads
D:3:      layout_loops_cross, nicolae_sif_muna_condensation, serial_shops, shop,
          hex_medium
D:4:      layout_basic, lemuel_crystal_altar, lemuel_tele_altar,
          minmay_temple_entry_junction, uniq_eustachio
D:5:      layout_basic, doesnt_shop_hydraphobe, uniq_sigmund
D:6:      layout_gridville, worldfamousw_hep_ancestral_shrine,
          hellmonk_ghost_happy_afterlife, uniq_menkaure, uniq_prince_ribbit1
Temple:   regret_index_temple_sphere_string

Skill      XL: |  1  2  3  4  5  6  7 |
---------------+----------------------+-----
Spellcasting   | 3 4 6 |  6.8
Transmutations | 2 3 4 |  4.7
Poison Magic   | 4 5 |  5.7
Air Magic      | 1 2 3 |  3.2
Stealth        | 4 |  4.0
Dodging        | |  2.8
Hexes          | |  0.3
Fire Magic     | |  0.2

Action                   |  1- 3 |  4- 6 |  7- 9 || total
-------------------------+-------+-------+-------++-------
Melee: Dagger            |       |     1 |       ||     1
 Cast: Sting             |    42 |    40 |    20 ||   102
       Poisonous Vapours |    16 |    42 |    24 ||    82
       Inner Flame       |       |       |     4 ||     4
       Olgreb's Toxic Ra |       |       |     3 ||     3
       Mephitic Cloud    |       |       |     2 ||     2
       Teleport Other    |       |       |     1 ||     1
  Use: Potion            |       |       |     1 ||     1
Armor: Robe              |     3 |       |       ||     3
Dodge: Dodged            |    29 |    13 |     8 ||    50

Table legend: (Time is in decaauts)
 A = Elapsed time spent in this place.
 B = Non-inter-level travel time spent in this place.
 C = Inter-level travel time spent in this place.
 D = Time resting spent in this place.
 E = Time spent auto-exploring this place.
 F = Levels seen in this place.
 G = Mean time per level.
                   A        B        C        D        E       F      G
               +--------+--------+--------+--------+--------+-----+--------+
         Total |   5201 |   5091 |    110 |   2003 |   2173 |   7 |  743.0 |
       Dungeon |   5000 |   4901 |     99 |   1902 |   2093 |   6 |  833.3 |
        Temple |    201 |    191 |     10 |    101 |     79 |   1 |  201.0 |
               +--------+--------+--------+--------+--------+-----+--------+

Top non-repeatable levels by time:
     D:5: 1329 daAuts
     D:2: 1233 daAuts
     D:4: 828 daAuts
     D:1: 802 daAuts
     D:3: 786 daAuts
  Temple: 201 daAuts
     D:6: 19 daAuts
